 Dungeon Crawl Stone Soup version 0.30-a0-782-ge64f9170bb (webtiles) character file.

Game seed: 9384178766078757970

2513 Leeroy the Fencer (level 9, -1/57 HPs)
             Began as a Merfolk Monk on Mar 2, 2023.
             Was an Elder of Hepliaklqana.
             Killed from afar by a steam dragon (17 damage)
             ... with a ball of steam
             ... on level 7 of the Dungeon.
             The game lasted 00:15:07 (6552 turns).

Leeroy the Fencer (Merfolk Monk)                    Turns: 6552, Time: 00:15:08

Health: -1/57      AC:  8    Str: 11    XL:     9   Next: 53%
Magic:  9/9        EV: 15    Int: 12    God:    Hepliaklqana [****..]
Gold:   316        SH:  0    Dex: 24    Spells: 3/8 levels left

rFire   . . .      SeeInvis .    r - +3 great sword (heavy)
rCold   . . .      Faith    .    (shield currently unavailable)
rNeg    . . .      Spirit   .    q - +1 robe of Purpose {Dex+3}
rPois   .          Reflect  .    n - +1 helmet {Int+3}
rElec   .          Harm     .    O - +2 cloak
rCorr   .          Rampage  .    (no gloves)
Will    .....                    (no boots)
Stlth   +++                      (no amulet)
HPRegen 0.29/turn                (no ring)
MPRegen 0.11/turn                (no ring)

@: no status effects
A: reduced essence, (nimble swimmer 2), mertail
a: Renounce Religion, Recall Ancestor, Ancestor Identity, Transference, Idealise


You were on level 7 of the Dungeon.
You worshipped Hepliaklqana.
Hepliaklqana was greatly pleased with you.
You visited 1 branch of the dungeon, and saw 7 of its levels.
You also visited: Sewer.

You collected 316 gold pieces.

Inventory:

Hand Weapons
 a - a +0 falchion
 h - a +0 rapier
 j - a +1 short sword of holy wrath
 r - a +3 heavy great sword (weapon)
 M - a +0 dagger
Missiles
 i - 81 stones
 l - 4 javelins
 m - 24 poisoned darts
 E - 2 curare-tipped darts
 H - a throwing net
Armour
 b - a +0 robe
 d - a +0 helmet
 n - a +1 helmet of intelligence (worn)
 q - the +1 robe of Purpose (worn) {Dex+3}
   (You found it on level 3 of the Dungeon)

   Dex:       It affects your dexterity (+3).
 A - the +4 ring mail "Ykluh" {+Blink rF+ Str+7 Slay-5}
   (You found it on level 4 of the Dungeon)

   Str:       It affects your strength (+7).
   Slay:      It affects your accuracy & damage with ranged weapons and melee
   (-5).
   rF:        It protects you from fire.
   +Blink:    It lets you blink.
 J - a +0 troll leather armour
 O - a +2 cloak (worn)
Jewellery
 K - a ring of protection from cold
Wands
 t - a wand of paralysis (5)
 G - a wand of polymorph (8)
Scrolls
 k - 3 scrolls of fog
 p - 2 scrolls of poison
 s - 3 scrolls of amnesia
 v - 2 scrolls of noise
 x - 2 scrolls of immolation
 y - a scroll of vulnerability
 F - a scroll of fear
 I - a scroll of brand weapon {unknown}
 L - a scroll of teleportation
Potions
 c - a potion of ambrosia
 e - 2 potions of berserk rage {unknown}
 f - 2 potions of curing
 g - a potion of magic {unknown}
 o - 5 potions of haste {unknown}
 u - 3 potions of mutation {unknown}
 w - a potion of degeneration {unknown}
 z - 4 potions of heal wounds {unknown}
 B - 3 potions of might {unknown}
 C - a potion of cancellation {unknown}
 D - a potion of resistance {unknown}
 N - a potion of brilliance {unknown}


   Skills:
 - Level 3.2 Fighting
 + Level 15.1 Long Blades
 - Level 4.2 Dodging
 - Level 2.1 Stealth


You had 3 spell levels left.
You knew the following spells:

 Your Spells              Type           Power      Damage    Failure   Level
a - Passwall              Tmut/Erth      0%         N/A       45%         2
b - Ozocubu's Armour      Ice            0%         N/A       69%         3

Your spell library contained the following spells:

 Spells                   Type           Power      Damage    Failure   Level
 Foxfire                  Conj/Fire      0%         2x1d4     32%         1
 Ensorcelled Hibernation  Hex/Ice        0%         N/A       45%         2
 Ignite Poison            Fire/Tmut/Pois 0%         N/A       69%         3
 Kindle Blastsparks       Fire/Tloc/Air  0%         2d10      69%         3
 Swiftness                Air            0%         N/A       69%         3
 Sticky Flame             Conj/Fire      0%         2d3       97%         4
 Fireball                 Conj/Fire      0%         3d3       100%        5
 Freezing Cloud           Conj/Ice/Air   0%         6-21      100%        5
 Starburst                Conj/Fire      0%         6d3       100%        6
 Ozocubu's Refrigeration  Ice            0%         4d7       100%        7
 Ignition                 Fire           0%         3d3       100%        8


Dungeon Overview and Level Annotations

Branches:
Dungeon (7/15)             Temple (0/1) D:5           Sewer (visited)

Altars:
Elyvilon
Fedhas
Gozag
Hepliaklqana
Makhleb
Nemelex Xobeh
The Shining One


Innate Abilities, Weirdness & Mutations

Your life essence is reduced to manifest your ancestor. (-10% HP)
((You are very nimble when in or above water. (Stealth+, EV+, Speed+++)))
Your lower body shifts to a powerful aquatic tail in water.


Message History

The kobold throws a stone.
The stone barely misses you.
The kobold hits the kobold with a +0 short sword.
The kobold hits itself with a +0 short sword.
You slice the kobold!!
You kill the kobold!
Nebetia points at the kobold and mumbles some strange words.
The kobold seems to slow down.
The kobold closely misses Nebetia.
A kobold brigand comes into view.
It is wielding a +0 club and quivering curare-tipped darts.
Nebetia hits the kobold with a +0 dagger of draining!
The kobold dies!
The kobold hits you but does no damage. The kobold closely misses you.
The steam dragon breathes steam at you.
The ball of steam hits the kobold!!
The kobold dies!
The ball of steam hits you!
The ball of steam hits Nebetia.
Nebetia resists.
You hear a shout!
You see here a +0 short sword.
The kobold hits you but does no damage. The steam dragon breathes steam at you.
The ball of steam hits you!
* * * LOW HITPOINT WARNING * * *
The ball of steam hits Nebetia.
Nebetia resists.
Nebetia barely misses the kobold.
Nebetia casts a spell at the kobold.
The kobold seems to slow down.
The kobold barely misses you.
Nebetia hits the kobold with a +0 dagger of draining.
The kobold dies!
The kobold brigand is engulfed in a cloud of scalding steam.
The kobold brigand is engulfed in a cloud of scalding steam.
Nebetia barely misses the kobold brigand.
Nebetia hits the kobold brigand with a +0 dagger of draining.
The kobold brigand hits Nebetia with a +0 club.
Nebetia casts a spell at the kobold brigand.
The kobold brigand resists with some effort.
The steam dragon breathes steam at you. The ball of steam hits you!
You die...

#...........#. #..
#....#........ #...
#............. #...#
............ ....##
#..K....... ###....
#...K......
#......###.DR)......
..#....#.§§.)).[....
.......@§...........
..........#.........
......##.............
..........#..........#
...........#..........
.....###.>..<.......#.##
.... ###.##$.......##..#
.....#...# ........# #..
..#.#.#.##.##.#...###..


You could see the friendly Nebetia the hexer, a steam dragon (catching breath),
a kobold brigand (distracted, ally target) and a kobold.

Vanquished Creatures
  Eustachio (D:4)
  A water moccasin (D:6)
  An ogre (D:5)
  A phantom (D:5)
  3 kobold brigands
  2 bullfrogs (D:6)
  A necrophage (D:5)
  2 scorpions (D:4)
  A howler monkey (D:5)
  4 hounds
  A jelly (D:5)
  3 orc priests
  An iguana (D:7)
  6 gnolls
  5 adders
  2 white imps
  An ufetubus (D:4)
  5 worms
  15 orcs
  12 endoplasms
  3 giant cockroaches
  5 goblins
  9 hobgoblins
  2 jackals
  4 quokkas
  11 ball pythons
  5 bats
  3 frilled lizards
  16 kobolds
  3 rats
129 creatures vanquished.

Vanquished Creatures (collateral kills)
  A water moccasin (D:6)
  A black bear (D:6)
  An ice beast (D:6)
  A sky beast (D:6)
  An ogre (D:6)
  2 kobold brigands (Sewer)
  A necrophage (D:6)
  2 bullfrogs (D:6)
  A gnoll bouda (D:6)
  Crazy Yiuf (D:6)
  2 orc priests
  A jelly (D:5)
  2 iguanas (D:5)
  An orc wizard (D:5)
  3 gnolls
  A worm (D:4)
  4 orcs
  4 kobolds
  A quokka (D:4)
  A goblin (D:4)
  A rat (Sewer)
33 creatures vanquished.

Vanquished Creatures (others)
  2 hexers
  A quokka (D:4)
  2 kobolds
  2 plants
7 creatures vanquished.

Grand Total: 169 creatures vanquished

Notes
Turn   | Place    | Note
-------+----------+-------------------------------------------
     0 | D:1      | Leeroy the Merfolk Monk began the quest for the Orb.
     0 | D:1      | Reached XP level 1. HP: 18/18 MP: 1/1
    76 | D:1      | Reached skill level 4 in Long Blades
   255 | D:1      | Found a faded altar of an unknown god.
   288 | D:1      | Reached XP level 2. HP: 24/24 MP: 2/2
   525 | D:1      | Reached skill level 5 in Long Blades
   525 | D:1      | Reached XP level 3. HP: 17/29 MP: 3/3
  1765 | D:3      | Found a hazy altar of Hepliaklqana.
  1800 | D:3      | Reached XP level 4. HP: 35/35 MP: 4/4
  1815 | D:3      | Became a worshipper of Hepliaklqana the Forgotten
  1815 | D:3      | Reached * piety under Hepliaklqana
  1815 | D:3      | Reached ** piety under Hepliaklqana
  1816 | D:3      | Remembered your ancestor Nebetia as a hexer
  1876 | D:3      | Identified the +1 robe of Purpose {Dex+3}
  1983 | D:3      | Reached skill level 6 in Long Blades
  2405 | D:3      | Found a blossoming altar of Fedhas.
  2517 | D:4      | Noticed a scorpion
  2525 | D:4      | Killed a scorpion
  2526 | D:4      | Reached skill level 7 in Long Blades
  2526 | D:4      | Reached XP level 5. HP: 30/36 MP: 5/5
  2602 | D:4      | Reached XP level 6. HP: 26/42 MP: 6/6
  2669 | D:4      | Found a white marble altar of Elyvilon.
  2688 | D:4      | Reached skill level 8 in Long Blades
  2843 | D:4      | Identified the +4 ring mail "Ykluh" {+Blink rF+ Str+7
                  | Slay-5}
  2868 | D:4      | Found a glowing drain.
  2874 | Sewer    | Entered a sewer
  2907 | Sewer    | Reached *** piety under Hepliaklqana
  2942 | Sewer    | Reached skill level 9 in Long Blades
  3200 | Sewer    | Reached XP level 7. HP: 33/46 MP: 7/7
  3295 | Sewer    | Reached skill level 10 in Long Blades
  3428 | D:4      | Noticed Eustachio
  3482 | D:4      | Killed Eustachio
  3638 | D:4      | Learned a level 2 spell: Passwall
  3796 | D:4      | Reached skill level 11 in Long Blades
  3796 | D:4      | Reached XP level 8. HP: 40/52 MP: 8/8
  4042 | D:5      | Entered Level 5 of the Dungeon
  4044 | D:5      | Found a staircase to the Ecumenical Temple.
  4486 | D:5      | Learned a level 3 spell: Ozocubu's Armour
  4590 | D:5      | Reached skill level 12 in Long Blades
  5165 | D:5      | Found a burning altar of Makhleb.
  5165 | D:5      | Found an opulent altar of Gozag.
  5389 | D:6      | Found a glowing golden altar of the Shining One.
  5460 | D:6      | Reached skill level 13 in Long Blades
  5473 | D:6      | Reached XP level 9. HP: 21/57 MP: 9/9
  5789 | D:6      | Reached skill level 14 in Long Blades
  5858 | D:6      | Found a sparkling altar of Nemelex Xobeh.
  5863 | D:6      | Reached **** piety under Hepliaklqana
  6186 | D:6      | Reached skill level 15 in Long Blades
  6387 | D:6      | Found a runed translucent door.
  6388 | D:6      | Noticed Crazy Yiuf
  6397 | D:6      | Killed Crazy Yiuf
  6475 | D:7      | Identified a scroll of acquirement
  6475 | D:7      | Acquired a +3 heavy great sword
  6552 | D:7      | Killed from afar by a steam dragon

Illustrated notes

Levels and vault maps discovered:
D:1:      dpeg_arrival_lava_temple_mockup, layout_basic,
          ebering_ecumenical_altar_webs
D:2:      layout_basic
D:3:      layout_loops_ring, nicolae_hepliaklqana_hazy_memory,
          nicolae_overflow_hidden_temple, minmay_checkerbox
D:4:      layout_loops_ring, elyvilon_altar_4, lightli_sewer_entry_pipes,
          minmay_diced_spiral, uniq_eustachio
D:5:      layout_gridville, gammafunk_temple_overflow_elements,
          minmay_temple_entry_hall
D:6:      layout_cave_pods, kennysheep_mini_moat, serial_park,
          serial_park_square2, serial_park_avenue1, serial_park_tiny_1,
          serial_park_avenue1, serial_park_square3
          [serial_park_minivault_5x5_7], uniq_crazy_yiuf_cottage
D:7:      layout_rooms, vehumet_crystals, nicolae_ossuary_entry_giza

Skill      XL: |  1  2  3  4  5  6  7  8  9 |
---------------+----------------------------+-----
Long Blades    | 4 5 7 9 11 13 15 | 15.1
Fighting       | |  3.2
Dodging        | |  4.2
Stealth        | |  2.1

Action                     |  1- 3 |  4- 6 |  7- 9 || total
---------------------------+-------+-------+-------++-------
  Melee: Falchion          |   115 |   140 |   139 ||   394
         Punch             |     1 |     1 |     3 ||     5
         Tailslap          |       |     4 |       ||     4
         Rapier            |       |     3 |    54 ||    57
         Great sword       |       |       |     8 ||     8
         Short sword       |       |       |     5 ||     5
 Invoke: Ancestor Life: He |       |     1 |       ||     1
         Recall Ancestor   |       |       |     2 ||     2
    Use: Potion            |       |       |     5 ||     5
         Scroll            |       |       |     9 ||     9
   Stab: Sleeping          |     9 |     5 |     5 ||    19
         Confused          |       |     6 |     8 ||    14
         Distracted        |       |     1 |     4 ||     5
 Armour: Robe              |    19 |    33 |    32 ||    84
  Dodge: Dodged            |    80 |    85 |   123 ||   288

Table legend: (Time is in decaauts)
 A = Elapsed time spent in this place.
 B = Non-inter-level travel time spent in this place.
 C = Inter-level travel time spent in this place.
 D = Time resting spent in this place.
 E = Time spent auto-exploring this place.
 F = Levels seen in this place.
 G = Mean time per level.
                   A        B        C        D        E       F      G
               +--------+--------+--------+--------+--------+-----+--------+
         Total |   6453 |   6199 |    254 |    139 |   4679 |   8 |  806.6 |
       Dungeon |   5971 |   5717 |    254 |     49 |   4424 |   7 |  853.0 |
         Sewer |    482 |    482 |      0 |     90 |    255 |   1 |  482.0 |
               +--------+--------+--------+--------+--------+-----+--------+

Top non-repeatable levels by time:
     D:5: 1255 daAuts
     D:6: 1129 daAuts
     D:4: 992 daAuts
     D:1: 921 daAuts
     D:2: 838 daAuts
     D:3: 748 daAuts
   Sewer: 482 daAuts
     D:7: 87 daAuts
